Map: Coda LE (Void)

Players

Thetawaves

  • Race: Protoss Protoss

Bop - Winner!

  • Race: Terran Terran

VOD

Have the link to the VOD?

Description

Time

  • Played on: May 2, 2015, 9:26 p.m.
  • Length: 9:06
Show
View Real Time Build Order
Export as new Build Order

Thetawaves Protoss 

Build Orders:  

Get SALT Encoding   

  12  0:11  Pylon  
  12  0:13  Probe  
  13  0:26  Probe (Chrono Boost)  
  14  0:31  Gateway  
  14  0:38  Probe (Chrono Boost)  
  14  0:41  Assimilator  
  15  0:46  Probe (Chrono Boost)  
  16  0:55  Probe (Chrono Boost)  
  17  1:05  Pylon  
  17  1:07  Probe (Chrono Boost)  
  18  1:15  Probe (Chrono Boost)  
  18  1:18  Cybernetics Core  
  19  1:24  Probe  
  20  1:49  Nexus  
  20  1:56  Mothership Core (Chrono Boost)  
  22  2:02  Assimilator  
  22  2:10  Probe (Chrono Boost)  
  22  2:14  Stalker  
  25  2:22  Probe (Chrono Boost)  
  26  2:26  Warp Gate  
  26  2:32  Probe (Chrono Boost)  
  27  2:39  Probe  
  28  2:47  Pylon  
  28  2:51  Probe (Chrono Boost)  
  29  3:01  Probe (Chrono Boost)  
  29  3:02  Stalker  
  30  3:07  Probe  
  31  3:17  Probe (Chrono Boost)  
  33  3:22  Probe (Chrono Boost)  
  33  3:25  Gateway  
  32  3:29  Probe (Chrono Boost)  
  34  3:36  Probe (Chrono Boost)  
  34  3:40  Stalker, Probe (Chrono Boost)  
  38  3:50  Probe (Chrono Boost)  
  36  4:00  Probe  
  33  4:16  Probe  
  36  4:17  Robotics Facility  
  36  4:22  Probe  
  35  4:28  Stalker x2  
  39  4:31  Probe  
  39  4:34  Probe  
  41  4:43  Probe  
  42  4:50  Probe (Chrono Boost)  
  43  4:55  Probe (Chrono Boost)  
  44  5:02  Probe (Chrono Boost)  
  44  5:03  Warp Prism (Chrono Boost)  
  48  5:07  Probe (Chrono Boost)  
  48  5:11  Probe (Chrono Boost)  
  48  5:13  Pylon  
  50  5:14  Probe (Chrono Boost)  
  50  5:19  Probe  
  51  5:25  Probe  
  52  5:31  Probe  
  53  5:37  Probe  
  54  5:43  Probe, Observer  
  54  5:49  Probe  
  57  5:54  Twilight Council  
  57  5:55  Probe  
  57  5:56  Adept  
  60  5:57  Gateway  
  60  6:00  Assimilator  
  60  6:01  Pylon  
  60  6:04  Assimilator  
  60  6:06  Pylon  
  60  6:20  Probe, Observer (Chrono Boost)  
  60  6:23  Adept x2  
  60  6:25  Nexus  
  66  6:27  Pylon  
  62  6:41  Immortal (Chrono Boost)  
  66  6:47  Probe x2  
  68  6:59  Probe x2  
  68  7:00  Stalker x2  
  74  7:19  Immortal (Chrono Boost)  
  76  7:32  Zealot x2  
  76  7:34  Zealot  
  82  7:40  Shield Upgrade  
  82  7:41  Probe x3  
  82  7:42  Gateway  
  85  7:45  Gateway  
  85  7:48  Gateway x2  
  85  7:49  Observer (Chrono Boost), Forge  
  85  7:50  Pylon  
  86  7:52  Sentry, Forge, Pylon  
  86  7:53  Sentry  
  86  7:55  Probe  
  91  8:13  Zealot  
  91  8:15  Zealot  
  91  8:16  Zealot  
  93  8:21  Immortal  
  84  8:28  Zealot  
  84  8:29  Zealot  
  68  8:46  Stalker x3  
  68  8:47  Stalker  
  65  8:56  Zealot  
  65  8:57  Zealot  
Show
View Real Time Build Order
Export as new Build Order

Bop Terran - Winner!

Build Orders: MMM Bio 

Get SALT Encoding   

  12  0:01  SCV  
  13  0:13  SCV  
  14  0:19  Supply Depot  
  14  0:25  SCV  
  15  0:34  Refinery  
  15  0:42  Barracks  
  15  0:45  SCV  
  17  0:57  SCV  
  17  1:05  Barracks  
  17  1:14  SCV  
  18  1:30  Orbital Command  
  18  1:31  Reaper  
  19  1:44  Supply Depot  
  19  1:53  Reaper  
  20  1:56  SCV  
  21  2:01  Barracks  
  21  2:04  Reaper  
  22  2:10  Barracks  
  22  2:18  Refinery  
  22  2:21  SCV  
  23  2:25  Reaper  
  24  2:34  SCV  
  24  2:36  Reaper  
  26  2:46  SCV  
  26  2:50  Reaper  
  28  2:58  SCV  
  29  3:06  Reaper  
  29  3:12  Reaper  
  31  3:19  Supply Depot  
  31  3:24  Command Center  
  31  3:41  SCV, Reaper x2, Supply Depot  
  34  3:55  Reaper  
  30  4:11  Reaper  
  30  4:13  Reaper x2  
  31  4:20  Command Center, Engineering Bay  
  31  4:24  SCV  
  32  4:28  Supply Depot  
  32  4:36  SCV  
  32  4:37  Orbital Command  
  32  4:44  Barracks Tech Lab  
  32  4:47  Barracks Reactor  
  32  4:53  SCV  
  32  4:54  Barracks Reactor  
  32  5:02  Orbital Command  
  32  5:04  Barracks Tech Lab  
  32  5:12  Terran Infantry Weapons Level 1  
  32  5:13  Stimpack  
  32  5:14  Marauder  
  34  5:16  Bunker  
  34  5:17  SCV  
  34  5:24  Marauder, Marine x2  
  35  5:31  Combat Shields  
  35  5:34  Marine  
  35  5:49  SCV x2  
  38  5:50  Orbital Command  
  38  5:52  Marine  
  38  5:53  Marauder  
  40  5:57  Marine x2  
  42  6:05  Marauder  
  42  6:09  Marine  
  42  6:11  SCV x2  
  47  6:15  Marauder  
  47  6:18  SCV  
  50  6:23  SCV  
  51  6:27  Factory  
  51  6:34  Marine x2  
  51  6:35  Marauder  
  51  6:36  Marauder  
  51  6:38  SCV x2  
  51  6:39  SCV  
  59  6:41  Marine  
  58  6:48  Marine  
  58  6:50  SCV  
  58  6:51  SCV  
  58  6:52  Marine x2  
  59  6:56  Marauder  
  59  6:57  Bunker  
  59  6:58  Marauder  
  63  7:09  Marine x2  
  63  7:13  SCV x3  
  66  7:17  Marauder  
  66  7:19  Starport, Marauder  
  66  7:21  Factory Reactor  
  70  7:25  Marine x2  
  70  7:27  Marine  
  73  7:31  SCV  
  73  7:36  Marine  
  75  7:37  Orbital Command  
  75  7:39  Marauder  
  75  7:40  Marauder  
  79  7:45  Supply Depot x2  
  79  7:46  Concussive Shells  
  79  7:49  Marine x2  
  81  7:55  Marine x2  
  83  8:00  Refinery, Marauder  
  83  8:02  Marauder  
  85  8:05  SCV  
  85  8:07  SCV, Marine  
  85  8:11  Missile Turret  
  86  8:14  Marine x3  
  87  8:21  Marauder  
  87  8:23  Marauder  
  85  8:28  Marine  
  85  8:32  Marine x2  
  83  8:40  Armory, Marine  
  78  8:43  Engineering Bay, Marauder  
  78  8:45  Marauder  
  84  8:51  SCV x3  
Tags
 
Add a new tag
Caveats
  • Supply blocks, unpowered buildings, or Contaminate may cause inaccurate times.
  • Supply counts are checked every 10 seconds.